 Dungeon Sprint DCSS version 0.23.2-30-g0e89c35649 (webtiles) character file.

Game seed: 4413522112324016657

86 HASTUR3 the Conjurer (level 4, 0/36 HPs)
             Began as a Deep Elf Fire Elementalist on June 19, 2019.
             Slain by an orc
             ... wielding a +0 flail
              (6 damage)
             ... in the Dungeon (Sprint IX: "|||||||||||||||||||||||||||||").
             The game lasted 00:01:11 (220 turns).

HASTUR3 the Conjurer (Deep Elf Fire Elementalist)    Turns: 220, Time: 00:01:12

Health: 0/36       AC:  2    Str: 11    XL:     4   Next: 26%
Magic:  2/13       EV: 13    Int: 20    God:
Gold:   0          SH:  0    Dex: 15    Spells: 13/14 levels left

rFire    . . .     SeeInvis .   j - +0 club
rCold    . . .     Gourm    .   (no shield)
rNeg     . . .     Faith    .   a - +0 robe
rPois    .         Spirit   .   (no helmet)
rElec    .         Reflect  .   (no cloak)
rCorr    .         Harm     .   (no gloves)
MR       .....     NoTele   +   (no boots)
Stlth    ..........             (no amulet)
HPRegen  0.12/turn              (no ring)
MPRegen  0.13/turn              (no ring)

@: berserking (expiring), very slightly contaminated, slowed
A: no striking features
a: no special abilities


You were in the Dungeon.
You were not hungry.

You visited 1 branch

Inventory:

Hand Weapons
 j - a +0 club (weapon)
Armour
 a - a +0 robe (worn)
Scrolls
 i - a scroll of blinking
Potions
 d - a potion of curing
 e - a potion of heal wounds
 f - a potion of haste
 g - 2 potions of magic
Comestibles
 b - 3 chunks of flesh
 c - a ration


   Skills:
 - Level 2.4 Dodging
 - Level 2.4 Stealth
 + Level 5.6 Spellcasting
 * Level 6.7 Conjurations
 + Level 5.8 Fire Magic


You had 13 spell levels left.
You knew the following spells:

 Your Spells              Type           Power        Failure   Level  Hunger
a - Flame Tongue          Conj/Fire      ####.        1%          1    None

Your spell library contained the following spells:

 Spells                   Type           Power        Failure   Level  Hunger
 Throw Flame              Conj/Fire      ####..       1%          2    None
 Conjure Flame            Conj/Fire      ####....     2%          3    ##.....
 Sticky Flame             Conj/Fire      ####....     9%          4    ####...
 Inner Flame              Hex/Fire       ###.....     10%         3    ##.....
 Fireball                 Conj/Fire      ####......   22%         5    #####..


Dungeon Overview and Level Annotations

Branches:
Dungeon (1/1)

Altars:


Message History

You kill the iguana!
Your Spellcasting skill increases to level 5!
Your Conjurations skill increases to level 6!
Your Fire Magic skill increases to level 5!
The crimson imp blinks!
The orc wizard casts a spell at you.
You feel yourself slow down.
The orc wizard hits you but does no damage.
You see here an iguana corpse.
You hit the orc wizard.
The orc wizard is heavily wounded.
The orc wizard hits you with a +0 dagger. x2
* * * LOW HITPOINT WARNING * * *
You sock the orc wizard!
You kill the orc wizard!
You have reached level 4!
You feel clever.
The crimson imp shouts, "Admit defeat, thou peeagling hedge-born serf!"
You barely miss the orc. The orc hits you with a +0 flail.
You die...

▓+▓
▓.▓
▓.▓
▓.▓
▓.▓
▓.▓
▓o▓
▓@▓
▓.▓
▓5▓
▓.▓
▓.▓
▓)▓
▓.▓
▓.▓
▓÷▓


You could see a crimson imp and an orc.

Vanquished Creatures
  An orc wizard (D)
  A worker ant (D)
  An iguana (D)
  A leopard gecko (D)
  A bat (D)
  A giant cockroach (D)
  A goblin (D)
  A kobold (D)
8 creatures vanquished.

Notes
Turn   | Place    | Note
-------+----------+-------------------------------------------
     0 | D        | HASTUR3 the Deep Elf Fire Elementalist began the quest for
                  | the Orb.
     0 | D        | Reached XP level 1. HP: 10/10 MP: 6/6
     4 | D        | Reached skill level 2 in Conjurations
     8 | D        | Reached skill level 3 in Conjurations
   206 | D        | Noticed a crimson imp
   206 | D        | Noticed an iguana
   206 | D        | Noticed a worker ant
   206 | D        | Noticed an orc wizard
   211 | D        | Killed a worker ant
   211 | D        | Reached skill level 5 in Conjurations
   211 | D        | Reached XP level 2. HP: 15/15 MP: 1/9
   211 | D        | Reached XP level 3. HP: 19/19 MP: 1/10
   216 | D        | Reached skill level 5 in Spellcasting
   216 | D        | Reached skill level 6 in Conjurations
   216 | D        | Reached skill level 5 in Fire Magic
   219 | D        | Reached XP level 4. HP: 6/24 MP: 2/13
   220 | D        | Slain by an orc

Skill      XL: |  1  2  3 |
---------------+----------+-----
Conjurations   | 5 6 |  6.7
Fire Magic     | 4 5 |  5.8
Spellcasting   | 4 5 |  5.6
Dodging        | |  2.4
Stealth        | |  2.4

Action                   |  1- 3 |  4- 6 || total
-------------------------+-------+-------++-------
Melee: Unarmed           |    10 |       ||    10
       Club              |     5 |     1 ||     6
 Cast: Flame Tongue      |    12 |       ||    12
  Use: Potion            |     1 |       ||     1
Armor: Robe              |     2 |       ||     2
Dodge: Dodged            |    16 |       ||    16
